3AAA
SALT LAKE CITY BUZZ @ NASHVILLE HOT CHICKENS
08/17/2054
 
TOP OF THE 1ST
Salt Lake City Buzz batting - Pitching for Nashville Hot Chickens : RHP John McGrath
Pitching: RHP John McGrath
Batting: SHB Millard Blanchard 0-0: SINGLE (Line Drive, 34, EV 101.9 MPH)
Batting: RHB Luis Ibáñez 0-0: Called Strike
0-1: Ball
1-1: Ball
2-1: SINGLE (Line Drive, 8RS, EV 112.5 MPH)
Millard Blanchard to second
Batting: LHB Tony Parra 0-0: Ball
1-0: Swinging Strike
1-1: Foul Ball, location: 2F
1-2: Foul Ball, location: 2F
1-2: Ball
2-2: Foul Ball, location: 2F
2-2: Ball
3-2: Grounds into double play, 6-4-3 (Groundball, 6, EV 93.1 MPH)
Millard Blanchard to third
Batting: LHB Taroemon Nishii 0-0: Fly out, F8 (Line Drive, 8RM, EV 94.4 MPH)
Top of the 1st over - 0 runs, 2 hits, 0 errors, 1 left on base; Salt Lake City 0 - Nashville 0
BOTTOM OF THE 1ST
Nashville Hot Chickens batting - Pitching for Salt Lake City Buzz : LHP Mochihito Sato
Pitching: LHP Mochihito Sato
Batting: RHB Ryan O'Callahan 0-0: Called Strike
0-1: Ball
1-1: Ball
2-1: Ground out 5-3 (Groundball, 5S, EV 90.0 MPH)
Batting: SHB Waylon Meade 0-0: Ball
1-0: Ball
2-0: Ball
3-0: Called Strike
3-1: DOUBLE (Line Drive, 7LS, EV 87.5 MPH)
Batting: LHB Alex Hann 0-0: Foul Ball, location: 2F
0-1: Ball
1-1: Swinging Strike
1-2: Ground out 4-3 (Groundball, 4, EV 82.5 MPH)
Waylon Meade to third
Batting: RHB Ramón Lemus 0-0: Foul Ball, location: 2F
0-1: Called Strike
0-2: Strikes out swinging
Bottom of the 1st over - 0 runs, 1 hit, 0 errors, 1 left on base; Salt Lake City 0 - Nashville 0
TOP OF THE 2ND
Salt Lake City Buzz batting - Pitching for Nashville Hot Chickens : RHP John McGrath
Batting: SHB Anthony Potter 0-0: Called Strike
0-1: Fly out, F9 (Line Drive, 89M, EV 90.6 MPH)
Batting: RHB Kevin Sanders 0-0: Ball
1-0: Ball
2-0: Ball
3-0: Base on Balls
Batting: RHB Mariano Cabral 0-0: Called Strike
Kevin Sanders steals 2nd base
0-1: Fly out, F9 (Line Drive, 9S, EV 93.1 MPH)
Batting: RHB Nick Yeend 0-0: Ball
1-0: Ball
2-0: Called Strike
2-1: Fly out, F9 (Flyball, 89S, EV 93.8 MPH)
Top of the 2nd over - 0 runs, 0 hits, 0 errors, 1 left on base; Salt Lake City 0 - Nashville 0
BOTTOM OF THE 2ND
Nashville Hot Chickens batting - Pitching for Salt Lake City Buzz : LHP Mochihito Sato
Batting: RHB Arturo Medina 0-0: Ball
1-0: Foul Ball, location: 2F
1-1: Foul Ball, location: 2F
1-2: Foul Ball, location: 2F
1-2: Fly out, F8 (Flyball, 8LD, EV 102.5 MPH)
Batting: SHB Michael Wright 0-0: Ball
1-0: Foul Ball, location: 2F
1-1: Ball
2-1: Ball
3-1: Base on Balls
Batting: RHB Stephen Clifton 0-0: SINGLE (Groundball, 34D, EV 110.0 MPH)
Michael Wright to second
Runner from 2nd tries for 3rd, SAFE, no throw by RF
Batting: LHB Tadasu Ogasahara 0-0: Ball
1-0: Ball
2-0: Swinging Strike
2-1: Ball
3-1: Called Strike
3-2: Fly out, F6 (Line Drive, 6D, EV 70.0 MPH)
Batting: LHB Jason Melton 0-0: Called Strike
0-1: Ball
1-1: Swinging Strike
1-2: Strikes out swinging
Bottom of the 2nd over - 0 runs, 1 hit, 0 errors, 2 left on base; Salt Lake City 0 - Nashville 0
TOP OF THE 3RD
Salt Lake City Buzz batting - Pitching for Nashville Hot Chickens : RHP John McGrath
Batting: RHB Jay-man Yu 0-0: Called Strike
0-1: Ball
1-1: Ball
2-1: Ball
3-1: Called Strike
3-2: Foul Ball, location: 2F
3-2: Foul Ball, location: 2F
3-2: DOUBLE (Flyball, 89D, EV 90.0 MPH)
Batting: SHB Millard Blanchard 0-0: Fly out, F6 (Popup, 6MS, EV 78.8 MPH)
Batting: RHB Luis Ibáñez 0-0: Ball
1-0: Ball
2-0: Called Strike
2-1: Ground out 4-3 (Groundball, 4, EV 83.8 MPH)
Jay-man Yu to third
Batting: LHB Tony Parra 0-0: Ball
1-0: Foul Ball, location: 2F
1-1: Ball
2-1: Swinging Strike
2-2: Foul Ball, location: 2F
2-2: Strikes out swinging
Top of the 3rd over - 0 runs, 1 hit, 0 errors, 1 left on base; Salt Lake City 0 - Nashville 0
BOTTOM OF THE 3RD
Nashville Hot Chickens batting - Pitching for Salt Lake City Buzz : LHP Mochihito Sato
Batting: RHB Ryan O'Callahan 0-0: Ball
1-0: Called Strike
1-1: Ball
2-1: Foul Ball, location: 2F
2-2: Foul Ball, location: 2F
2-2: Foul Ball, location: 2F
2-2: Reached on error, E6 (Groundball, 6, EV 80.6 MPH)
Batting: SHB Waylon Meade 0-0: Ball
1-0: Called Strike
1-1: Foul Ball, location: 2F
1-2: Ball
2-2: 2-RUN HOME RUN (Flyball, 7LD, EV 90.0 MPH), Distance : 343 ft
Batting: LHB Alex Hann 0-0: Fly out, F5 (Popup, 6S, EV 83.8 MPH)
Batting: RHB Ramón Lemus 0-0: Called Strike
0-1: Foul Ball, location: 2F
0-2: DOUBLE (Line Drive, 5D, EV 103.8 MPH)
Batting: RHB Arturo Medina 0-0: Ball
1-0: Ground out 5-3 (Groundball, 56, EV 83.8 MPH)
Batting: SHB Michael Wright 0-0: Called Strike
0-1: Ball
1-1: Ball
Passed Ball!
Ramón Lemus to third
2-1: Foul Ball, location: 2F
2-2: Ball
3-2: Foul Ball, location: 2F
3-2: Foul Ball, location: 2F
3-2: Base on Balls
Batting: RHB Stephen Clifton 0-0: Called Strike
0-1: Ball
1-1: Swinging Strike
1-2: Strikes out swinging
Bottom of the 3rd over - 2 runs, 2 hits, 1 error, 2 left on base; Salt Lake City 0 - Nashville 2
TOP OF THE 4TH
Salt Lake City Buzz batting - Pitching for Nashville Hot Chickens : RHP John McGrath
Batting: LHB Taroemon Nishii 0-0: Called Strike
0-1: Swinging Strike
0-2: Ball
1-2: Ball
2-2: Foul Ball, location: 2F
2-2: Foul Ball, location: 2F
2-2: Strikes out swinging
Batting: SHB Anthony Potter 0-0: Ball
1-0: Ball
2-0: Swinging Strike
2-1: Ground out 4-3 (Groundball, 4, EV 85.6 MPH)
Batting: RHB Kevin Sanders 0-0: Called Strike
0-1: Swinging Strike
0-2: Ball
1-2: Fly out, F9 (Flyball, 9LMF, EV 90.6 MPH)
Top of the 4th over - 0 runs, 0 hits, 0 errors, 0 left on base; Salt Lake City 0 - Nashville 2
BOTTOM OF THE 4TH
Nashville Hot Chickens batting - Pitching for Salt Lake City Buzz : LHP Mochihito Sato
Batting: LHB Tadasu Ogasahara 0-0: Ball
1-0: Called Strike
1-1: Ball
2-1: Swinging Strike
2-2: Ground out 4-3 (Groundball, 4MS, EV 64.4 MPH)
Batting: LHB Jason Melton 0-0: Ball
1-0: Fly out, F9 (Flyball, 89M, EV 85.6 MPH)
Batting: RHB Ryan O'Callahan 0-0: Ball
1-0: Ground out 6-3 (Groundball, 6, EV 101.9 MPH)
Bottom of the 4th over - 0 runs, 0 hits, 0 errors, 0 left on base; Salt Lake City 0 - Nashville 2
TOP OF THE 5TH
Salt Lake City Buzz batting - Pitching for Nashville Hot Chickens : RHP John McGrath
Batting: RHB Mariano Cabral 0-0: SINGLE (Line Drive, 3D, EV 95.6 MPH)
Batting: RHB Nick Yeend 0-0: Ball
1-0: Bunted foul
1-1: Sac Bunt to 2L - play at first, batter OUT! 2-4
Mariano Cabral to second
Batting: RHB Jay-man Yu 0-0: Foul Ball, location: 2F
0-1: Swinging Strike
0-2: Ball
1-2: Ball
2-2: Ball
3-2: Base on Balls
Batting: SHB Millard Blanchard 0-0: Ball
1-0: Foul Ball, location: 2F
1-1: Called Strike
1-2: Fly out, F8 (Flyball, 78D, EV 100.6 MPH)
Batting: RHB Luis Ibáñez 0-0: Ball
1-0: Ball
2-0: Fly out, F9 (Flyball, 89M, EV 86.2 MPH)
Top of the 5th over - 0 runs, 1 hit, 0 errors, 2 left on base; Salt Lake City 0 - Nashville 2
BOTTOM OF THE 5TH
Nashville Hot Chickens batting - Pitching for Salt Lake City Buzz : LHP Mochihito Sato
Batting: SHB Waylon Meade 0-0: Ground out 4-3 (Groundball, 4, EV 83.8 MPH)
Batting: LHB Alex Hann 0-0: Called Strike
0-1: SINGLE (Flyball, 6D, EV 91.9 MPH)
Batting: RHB Ramón Lemus 0-0: Called Strike
0-1: Ball
1-1: Ball
2-1: Called Strike
2-2: Ball
3-2: Foul Ball, location: 2F
3-2: Foul Ball, location: 2F
3-2: Base on Balls
Alex Hann to second
Pitching: RHP Manny Guerra
Batting: RHB Arturo Medina 0-0: Ball
1-0: Fly out, F9 (Flyball, 89S, EV 96.2 MPH)
Batting: SHB Michael Wright 0-0: Foul Ball, location: 2F
0-1: Foul Ball, location: 2F
0-2: Ball
1-2: Ball
2-2: Fly out, F8 (Flyball, 78XD, EV 99.4 MPH)
Bottom of the 5th over - 0 runs, 1 hit, 0 errors, 2 left on base; Salt Lake City 0 - Nashville 2
TOP OF THE 6TH
Salt Lake City Buzz batting - Pitching for Nashville Hot Chickens : RHP John McGrath
Batting: LHB Tony Parra 0-0: Ball
1-0: Called Strike
1-1: Ball
2-1: Swinging Strike
2-2: Ground out 4-3 (Groundball, 4D, EV 100.6 MPH)
Batting: LHB Taroemon Nishii 0-0: Ball
1-0: Ball
2-0: Foul Ball, location: 2F
2-1: SINGLE (Line Drive, 3D, EV 100.6 MPH)
Batting: SHB Anthony Potter 0-0: SINGLE (Line Drive, 4M, EV 100.6 MPH)
Taroemon Nishii to second
Batting: RHB Kevin Sanders 0-0: Swinging Strike
0-1: Fly out, F7 (Flyball, 78M, EV 84.4 MPH)
Batting: RHB Mariano Cabral 0-0: Called Strike
0-1: Ball
1-1: Ball
2-1: Ball
3-1: Foul Ball, location: 2F
3-2: Foul Ball, location: 2F
3-2: Strikes out swinging
Top of the 6th over - 0 runs, 2 hits, 0 errors, 2 left on base; Salt Lake City 0 - Nashville 2
BOTTOM OF THE 6TH
Nashville Hot Chickens batting - Pitching for Salt Lake City Buzz : RHP Manny Guerra
Batting: RHB Stephen Clifton 0-0: Called Strike
0-1: Ball
1-1: Foul Ball, location: 2F
1-2: Strikes out swinging
Batting: LHB Tadasu Ogasahara 0-0: Ball
1-0: Ball
2-0: Called Strike
2-1: Ball
3-1: Base on Balls
Batting: LHB Jason Melton 0-0: Ball
1-0: Called Strike
1-1: Fielders Choice at 2nd, 3-6 (Groundball, 3, EV 93.1 MPH)
Batting: RHB Ryan O'Callahan 0-0: Ball
1-0: Ball
Jason Melton is caught stealing 2nd base 2-4
Bottom of the 6th over - 0 runs, 0 hits, 0 errors, 0 left on base; Salt Lake City 0 - Nashville 2
TOP OF THE 7TH
Salt Lake City Buzz batting - Pitching for Nashville Hot Chickens : RHP John McGrath
Pitching: RHP Valentín Jiménez
Batting: RHB Nick Yeend 0-0: Swinging Strike
0-1: Foul Ball, location: 2F
0-2: Strikes out looking
Batting: RHB Jay-man Yu 0-0: Fly out, F5 (Line Drive, 56, EV 68.8 MPH)
Batting: SHB Millard Blanchard 0-0: Called Strike
0-1: Ball
1-1: Ball
2-1: Foul Ball, location: 2F
2-2: Foul Ball, location: 2F
2-2: Strikes out swinging
Top of the 7th over - 0 runs, 0 hits, 0 errors, 0 left on base; Salt Lake City 0 - Nashville 2
BOTTOM OF THE 7TH
Nashville Hot Chickens batting - Pitching for Salt Lake City Buzz : RHP Manny Guerra
Batting: RHB Ryan O'Callahan 0-0: Swinging Strike
0-1: Foul Ball, location: 2F
0-2: Ball
1-2: Fly out, F9 (Flyball, 89M, EV 75.6 MPH)
Batting: SHB Waylon Meade 0-0: Called Strike
0-1: Fly out, F9 (Line Drive, 9D, EV 94.4 MPH)
Batting: LHB Alex Hann 0-0: Ball
1-0: Ball
2-0: Fly out, F8 (Flyball, 8RD, EV 91.9 MPH)
Bottom of the 7th over - 0 runs, 0 hits, 0 errors, 0 left on base; Salt Lake City 0 - Nashville 2
TOP OF THE 8TH
Salt Lake City Buzz batting - Pitching for Nashville Hot Chickens : RHP Valentín Jiménez
Batting: RHB Luis Ibáñez 0-0: Called Strike
0-1: Ball
1-1: Called Strike
1-2: Ball
2-2: Strikes out swinging
Batting: LHB Tony Parra 0-0: Foul Ball, location: 2F
0-1: Foul Ball, location: 2F
0-2: Foul Ball, location: 2F
0-2: Strikes out swinging, 2-3 out at first.
Batting: LHB Taroemon Nishii 0-0: Foul Ball, location: 2F
0-1: Ball
1-1: Called Strike
1-2: Ball
2-2: Ball
3-2: Strikes out swinging
Top of the 8th over - 0 runs, 0 hits, 0 errors, 0 left on base; Salt Lake City 0 - Nashville 2
BOTTOM OF THE 8TH
Nashville Hot Chickens batting - Pitching for Salt Lake City Buzz : RHP Manny Guerra
Batting: RHB Ramón Lemus 0-0: Ball
1-0: Ball
2-0: Ground out 5-3 (Groundball, 56, EV 84.4 MPH)
Batting: RHB Arturo Medina 0-0: Called Strike
0-1: SINGLE (Line Drive, 7S, EV 95.6 MPH)
Batting: SHB Michael Wright 0-0: Ball
1-0: Ball
2-0: Called Strike
2-1: Fly out, F7 (Line Drive, 7, EV 91.9 MPH)
Batting: RHB Stephen Clifton 0-0: SINGLE (Line Drive, 89S, EV 93.8 MPH)
Arturo Medina to second
Runner from 2nd tries for 3rd, SAFE, no throw by RF
Batting: LHB Tadasu Ogasahara 0-0: Swinging Strike
0-1: Foul Ball, location: 2F
0-2: Ball
1-2: Fielders Choice at 2nd, U6 (Groundball, 6M, EV 76.2 MPH)
Bottom of the 8th over - 0 runs, 2 hits, 0 errors, 2 left on base; Salt Lake City 0 - Nashville 2
TOP OF THE 9TH
Salt Lake City Buzz batting - Pitching for Nashville Hot Chickens : RHP Valentín Jiménez
Pitching: LHP Alejandro Colón
Batting: SHB Anthony Potter 0-0: Fly out, F9 (Flyball, 9D, EV 99.4 MPH)
Batting: RHB Kevin Sanders 0-0: Ball
1-0: Ground out 4-3 (Groundball, 4, EV 93.8 MPH)
Batting: RHB Mariano Cabral 0-0: Ball
1-0: Called Strike
1-1: Ball
2-1: Foul Ball, location: 2F
2-2: Ground out 6-3 (Groundball, 6, EV 93.1 MPH)
Top of the 9th over - 0 runs, 0 hits, 0 errors, 0 left on base; Salt Lake City 0 - Nashville 2
Monday, April 1st , 2024 - OOTP Baseball 23.10 Build 110